 Dungeon Crawl Stone Soup version 0.25-a0-663-gace7076f2c (webtiles) character file.

Game seed: 3625544843952582596, levelgen mode: deterministic

1008 CryoSword the Skirmisher (level 8, -5/87 HPs)
             Began as an Ogre Chaos Knight on Mar 25, 2020.
             Was a Plaything of Xom.
             Slain by a blink frog (shapeshifter) (7 damage)
             ... on level 4 of the Dungeon.
             The game lasted 00:14:01 (5396 turns).

CryoSword the Skirmisher (Ogre Chaos Knight)        Turns: 5396, Time: 00:14:03

Health: -5/87      AC:  5    Str: 17    XL:     8   Next: 20%
Magic:  8/8        EV: 11    Int: 13    God:    Xom [..*...]
Gold:   239        SH:  0    Dex: 10    Spells: 7/7 levels left

rFire    . . .     SeeInvis .   a - +0 mace (chaos)
rCold    . . .     Gourm    .   (no shield)
rNeg     . . .     Faith    .   b - +2 robe
rPois    .         Spirit   .   (helmet restricted)
rElec    .         Reflect  .   e - scarf {repulsion}
rCorr    .         Harm     .   (gloves unavailable)
MR       .....                  (boots unavailable)
Stlth    +.........             (no amulet)
HPRegen  0.24/turn              (no ring)
MPRegen  0.11/turn              (no ring)

@: about to teleport, very slightly contaminated, invisible, repel missiles
A: large, unfitting armour, tough skin 1
a: Renounce Religion


You were on level 4 of the Dungeon.
You worshipped Xom.
You were a toy of Xom.
You were not hungry.

You visited 1 branch of the dungeon, and saw 4 of its levels.

You collected 239 gold pieces.

Inventory:

Hand Weapons
 a - a +0 mace of chaos (weapon)
Missiles
 f - 10 large rocks
 g - 93 stones
 m - 2 silver boomerangs
 q - 4 boomerangs (quivered)
 y - a throwing net
Armour
 b - a +2 robe (worn)
 e - a scarf of repulsion (worn)
   (You found it on level 2 of the Dungeon)
Jewellery
 r - an uncursed amulet of harm {unknown}
   (You found it on level 3 of the Dungeon)
Wands
 x - a wand of digging (3)
   (You found it on level 4 of the Dungeon)
Scrolls
 d - a scroll of enchant armour
 j - a scroll of fear {unknown}
 l - a scroll of amnesia
 n - 2 scrolls of magic mapping {unknown}
 s - 2 scrolls of identify {@r1}
 t - 2 scrolls of enchant weapon {unknown}
 u - a scroll of remove curse {@r2}
Potions
 h - 2 potions of mutation {!q}
 i - a potion of heal wounds {unknown}
 k - a potion of brilliance {unknown}
 o - 2 potions of curing {unknown}
 p - a potion of might {unknown}
Comestibles
 c - 5 rations {!d}
 w - a chunk of flesh


   Skills:
 + Level 7.0 Fighting
 * Level 6.3 Maces & Flails
 + Level 2.4 Throwing
 + Level 4.5 Dodging


You had 7 spell levels left.
You didn't know any spells.
Your spell library was empty.

Dungeon Overview and Level Annotations

Branches:
Dungeon (4/15)             Temple (0/1) D:4

Altars:

Annotations:
D:4 4 runed translucent doors


Innate Abilities, Weirdness & Mutations

You are too large for most types of armour.
You have tough skin. (AC +1)


Message History

The ooze hits you but does no damage.
You sock the ooze!
You kill the ooze!
No target in view!
A centaur skeleton comes into view.
The centaur skeleton moves out of view.
The centaur skeleton hits you.
Found 14 sling bullets and a manual of Staves.
You see here 14 gold pieces.
A centaur skeleton is nearby!
You hit the centaur skeleton.
The centaur skeleton convulses.
The centaur skeleton is moderately damaged.
The centaur skeleton hits you!
You hit the centaur skeleton. You burn the centaur skeleton.
The centaur skeleton is moderately damaged.
The centaur skeleton misses you. The centaur skeleton hits you.
You hit the centaur skeleton.
The centaur skeleton is heavily damaged.
The centaur skeleton closely misses you.
You hit the centaur skeleton but do no damage.
The centaur skeleton is heavily damaged.
The centaur skeleton barely misses you. The centaur skeleton hits you.
You hit the centaur skeleton. You burn the centaur skeleton.
The centaur skeleton is severely damaged.
The centaur skeleton hits you.
You sock the centaur skeleton!
You destroy the centaur skeleton!
Your Fighting skill increases to level 7!
No target in view!
You now have 239 gold pieces (gained 14).
w - a manual of Staves {!d} You see here 14 sling bullets.
There is an open door here.
g - 93 stones (gained 13)
The two-headed ogre shouts in stereo!
Your library has no spells.
You open the door.
Drop what? 25/52 slots (_ for help) (? for menu, Esc to quit)
Okay, then.
Drop what? 25/52 slots (_ for help) (? for menu, Esc to quit)
Really drop
w - a manual of Staves {!d}?
You drop a manual of Staves {!d}.
An orc comes into view. It is wielding a +0 falchion.
The orc shouts!
You hear an angry hiss.
An orc comes into view. It is wielding a +0 dagger.
There is an open door here.
You thump the orc!
You kill the orc!
You closely miss the orc. The orc hits you but does no damage. x2
You sock the orc!
You kill the orc!
No target in view!
Things that are here:
a +0 dagger; an orc corpse You butcher the orc corpse.
w - a chunk of flesh
Things that are here:
a +0 dagger; an orc skeleton
Things that are here:
a +0 dagger; an orc skeleton
Found 4 javelins.
You see here 4 javelins.
An adder comes into view.
An adder is nearby!
An adder is nearby!
You closely miss the adder.
The adder hisses angrily.
Xom smirks.
You detect items!
You are now a toy of Xom.
The adder barely misses you.
You hit the adder.
The adder is moving more slowly.
The adder is moderately wounded.
The adder closely misses you. The adder bites you.
You are poisoned.
The adder poisons you!
You sock the adder!
The adder changes into a shapeshifter!
Xom thinks this is hilarious!
You feel sick.
The shapeshifter changes into a komodo dragon!
You hit the komodo dragon but do no damage.
The komodo dragon changes into a shapeshifter!
Xom grants you a minor favour.
You fade into invisibility!
The shapeshifter changes into a basilisk!
You are very lightly contaminated with residual magic.
You barely miss the basilisk. The basilisk barely misses you.
You hit the basilisk. You freeze the basilisk.
The basilisk is moderately wounded.
You feel sick. The basilisk barely misses you.
You hit the basilisk.
The basilisk is moderately wounded.
The basilisk bites you!
You hit the basilisk. You burn the basilisk.
The basilisk is heavily wounded.
The basilisk bites you!
You are too injured to fight recklessly!
You are too injured to fight recklessly!
You are too injured to fight recklessly!
Evoke which item? (* to show all) (? for menu, Esc to quit)
Okay, then.
You barely miss the basilisk.
The basilisk is heavily wounded.
The basilisk bites you.
You hit the basilisk but do no damage.
The basilisk is poisoned.
The basilisk is heavily wounded.
You feel sick. The basilisk closely misses you.
You hit the basilisk.
The basilisk seems to speed up.
The basilisk is severely wounded.
The basilisk gazes at you.
You are slowing down.
You hit the basilisk. You burn the basilisk.
The basilisk is severely wounded.
The basilisk changes into a blink frog!
Your limbs are stiffening.
You catch the helpless blink frog completely off-guard!
You hit the blink frog.
The blink frog is moderately wounded.
You are no longer poisoned.
You have turned to stone.
The blink frog hits you. The blink frog hits you!
The blink frog blinks!
The blink frog hits you!!
* * * LOW HITPOINT WARNING * * *
The blink frog blinks!
The blink frog hits you.
The blink frog blinks!
The blink frog hits you!
* * * LOW HITPOINT WARNING * * *
The blink frog hits you.
* * * LOW HITPOINT WARNING * * *
The blink frog hits you!
* * * LOW HITPOINT WARNING * * *
The blink frog hits you. The blink frog barely misses you.
The blink frog hits you!
* * * LOW HITPOINT WARNING * * *
The blink frog hits you.
* * * LOW HITPOINT WARNING * * *
You turn to flesh and can move again.
The blink frog hits you.
* * * LOW HITPOINT WARNING * * *
Things that are here:
a +0 dagger; an orc skeleton
There is an open door here.
The blink frog hits you!
* * * LOW HITPOINT WARNING * * *
As you read the scroll of teleportation {@r4}, it crumbles to dust.
You feel strangely unstable. The blink frog hits you!
You die...
Xom snickers!

##..............## #...##
#..######........# #####
#.##8=!8##.......##
#.#8....8#........##
#.+......+...#.....#
##.+.....O+...##....##
##..#8....8#..####....##
###...##8$)8##.####......#
.#.....######:.F@...###..##
...###'# #'###...# ##..##
..##.#.### #)).##..# ##..##
..#.#.##.# ∆##.#.#.## ##).#
..#.###..# #.## #.# ##.##
..#.#..### ##(# #.# ##.##
..#.#.##(# ### #.# #..##
..##....#### ##.# ##..##
...######..######..# ##...


You could see a blink frog shaped shifter.

Vanquished Creatures
  A basilisk (shapeshifter) (D:3)
  A steam dragon (D:4)
  An ogre (D:4)
  A phantom (D:4)
  A bullfrog (D:3)
  Dowan (D:4)
  A centaur skeleton (D:4)
  An orc priest (D:3)
  An orc wizard (D:4)
  A worker ant (D:4)
  Natasha (twice) (D:2)
  An iguana (D:3)
  5 gnolls
  5 adders
  3 oozes
  An adder skeleton (D:2)
  5 worms
  2 dart slugs (D:1)
  9 orcs
  3 giant cockroaches (D:3)
  9 goblins
  9 hobgoblins
  6 kobolds
  2 quokkas
  3 ball pythons
  4 bats
  4 frilled lizards
  5 rats
88 creatures vanquished.

Vanquished Creatures (others)
  An ice beast (D:4)
  Natasha (D:2)
  2 orcs (D:4)
4 creatures vanquished.

Grand Total: 92 creatures vanquished

Notes
Turn   | Place    | Note
-------+----------+-------------------------------------------
     0 | D:1      | CryoSword the Ogre Chaos Knight began the quest for the
                  | Orb.
     0 | D:1      | Reached XP level 1. HP: 24/24 MP: 1/1
    38 | D:1      | XOM: harmless Pois miscast
   115 | D:1      | Reached XP level 2. HP: 24/32 MP: 2/2
   444 | D:1      | XOM: cast spell 'Olgreb's Toxic Radiance'
   446 | D:1      | Reached XP level 3. HP: 9/40 MP: 3/3
   710 | D:1      | XOM: silly message
  1113 | D:2      | Noticed Natasha
  1125 | D:2      | XOM: potion effect (might)
  1131 | D:2      | Killed Natasha
  1131 | D:2      | Reached XP level 4. HP: 23/49 MP: 4/4
  1247 | D:2      | XOM: divination: magic mapping
  1353 | D:2      | Noticed Natasha
  1354 | D:2      | Killed Natasha
  1381 | D:2      | Noticed Natasha
  1383 | D:2      | XOM: potion effect (invisibility)
  1395 | D:2      | Killed Natasha
  1395 | D:2      | Reached skill level 5 in Fighting
  1395 | D:2      | Reached XP level 5. HP: 31/57 MP: 5/5
  1559 | D:2      | XOM: harmless Hex miscast
  1683 | D:2      | XOM: silly message
  1882 | D:2      | XOM: silly message
  2005 | D:2      | XOM: divination: detect creatures
  2175 | D:2      | XOM: divination: detect creatures
  2200 | D:3      | XOM: stealth player
  2223 | D:3      | XOM: divination: magic mapping
  2281 | D:3      | XOM: harmless Necr miscast
  2470 | D:2      | XOM: divination: magic mapping
  2769 | D:3      | Reached XP level 6. HP: 66/66 MP: 6/6
  2798 | D:3      | XOM: harmless Summ miscast
  2829 | D:3      | XOM: silly message
  2871 | D:3      | XOM: potion effect (brilliance)
  3590 | D:3      | XOM: medium Erth miscast
  3799 | D:4      | XOM: harmless Ice miscast
  3810 | D:4      | Reached skill level 5 in Maces & Flails
  3927 | D:4      | Noticed Dowan
  3949 | D:4      | Killed Dowan
  3949 | D:4      | Reached skill level 6 in Fighting
  3949 | D:4      | Reached XP level 7. HP: 59/75 MP: 7/7
  3988 | D:4      | XOM: noise
  4001 | D:4      | XOM: confuse monster(s)
  4061 | D:4      | Reached skill level 1 in Throwing
  4278 | D:4      | Found a staircase to the Ecumenical Temple.
  4366 | D:3      | XOM: fog
  4455 | D:4      | Noticed Eustachio
  4473 | D:4      | Noticed Eustachio
  4473 | D:4      | Eustachio changed into Eustachio the steam dragon
  4473 | D:4      | XOM: polymorph Eustachio -> Eustachio the steam dragon
  4475 | D:4      | XOM: enchant monster (good)
  4477 | D:4      | XOM: swap monsters
  4688 | D:4      | Noticed Duvessa
  4694 | D:4      | XOM: noise
  4704 | D:4      | XOM: enchant monster (bad)
  4735 | D:3      | Noticed Duvessa
  4735 | D:3      | Duvessa changed into Duvessa the shapeshifter
  4735 | D:3      | Noticed Duvessa
  4735 | D:3      | Duvessa the shapeshifter changed into Duvessa the basilisk
  4739 | D:3      | Killed Duvessa the basilisk
  4934 | D:3      | XOM: silly message
  4945 | D:4      | Killed Eustachio the steam dragon
  4945 | D:4      | Reached XP level 8. HP: 57/84 MP: 8/8
  5217 | D:4      | Noticed a two-headed ogre
  5218 | D:4      | Found a large runed translucent door.
  5218 | D:4      | Found a large runed translucent door.
  5222 | D:4      | Found a large runed translucent door.
  5222 | D:4      | Found a large runed translucent door.
  5253 | D:4      | Reached skill level 7 in Fighting
  5369 | D:4      | XOM: divination: detect items
  5371 | D:4      | Noticed a shapeshifter
  5371 | D:4      | an adder changed into a shapeshifter
  5371 | D:4      | Noticed a komodo dragon
  5371 | D:4      | a shapeshifter changed into a komodo dragon
  5372 | D:4      | Noticed a shapeshifter
  5372 | D:4      | a komodo dragon changed into a shapeshifter
  5372 | D:4      | XOM: potion effect (invisibility)
  5372 | D:4      | a shapeshifter changed into a basilisk
  5380 | D:4      | Noticed a blink frog
  5380 | D:4      | a basilisk changed into a blink frog
  5393 | D:4      | HP: 1/87 [blink frog (shapeshifter) (17)]
  5396 | D:4      | Slain by a blink frog (shapeshifter)

Levels and vault maps discovered:
D:1:      dpeg_arrival_ternary, layout_basic
D:2:      layout_loops_corners, uniq_natasha
D:3:      layout_loops_ring
D:4:      layout_cave_pods, minmay_temple_entry_trees,
          minmay_hollow_rounded_squares, uniq_eustachio, uniq_duvessa

Skill      XL: |  1  2  3  4  5  6  7  8 |
---------------+-------------------------+-----
Maces & Flails | 3 4 5 6 |  6.3
Fighting       | 5 6 7 |  7.0
Dodging        | 3 4 |  4.5
Throwing       | 2 |  2.4

Action                   |  1- 3 |  4- 6 |  7- 9 || total
-------------------------+-------+-------+-------++-------
Melee: Mace              |    78 |   209 |    84 ||   371
Throw: Stone             |     2 |     8 |       ||    10
       Large rock        |       |     1 |     5 ||     6
       Boomerang         |       |    19 |    21 ||    40
  Use: Scroll            |       |     6 |     1 ||     7
 Stab: Sleeping          |       |     2 |     1 ||     3
       Confused          |       |       |     1 ||     1
       Invisible         |       |       |     1 ||     1
  Eat: Ration            |       |     1 |     1 ||     2
       Chunk             |       |     7 |     1 ||     8
Armor: Robe              |    29 |    62 |    12 ||   103
Dodge: Dodged            |    55 |   107 |    28 ||   190
       Deflected         |       |     6 |     2 ||     8

Table legend:
 A = Non-vault XP
 B = Vault XP
 C = Vault XP percentage of total XP
 D = Non-vault monster count
 E = Vault monster count
 F = Vault count percentage of total count
                 A         B        C        D         E       F
            +---------+---------+-------+---------+---------+-------
      Total |     941 |     500 |  34.7 |      83 |       8 |   8.8
            +---------+---------+-------+---------+---------+-------
        D:1 |      38 |       0 |   0.0 |      23 |       0 |   0.0
        D:2 |     164 |      35 |  17.6 |      20 |       1 |   4.8
        D:3 |     293 |     150 |  33.9 |      32 |       1 |   3.0
        D:4 |     446 |     315 |  41.4 |       8 |       6 |  42.9
            +---------+---------+-------+---------+---------+-------
